[Event "fics rated crazyhouse match"]
[Site "fics, Oklahoma City, OK USA"]
[Date "2000.11.02"]
[White "Flesh"]
[WhiteElo "2262"]
[Black "spurs"]
[BlackElo "2250"]
[TimeControl "60+0"]
[Result "1-0"]

1. e4 e6 2. d4 d5 3. e5 Ne7 4. Bg5 Qd7 5. Bxe7 Bxe7 6. Nf3 
Rg8 7. Nc3 Nc6 8. Bb5 Bb4 9. Bxc6 bxc6 10. a3 Bxc3+ 11. bxc3 B@b2 
12. N@h5 Qe7 13. N@f6+ gxf6 14. Nxf6+ Qxf6 15. exf6 N@f5 16. P@e7 Ba6 17. B@b4 
N@e4 18. Q@f8+ Kd7 19. Qxa8 Rxa8 20. R@d8+ Rxd8 21. exd8=Q+ Kxd8 22. R@f8+ B@e8 
23. Be7+ Kd7 24. Ne5+ Kc8 25. Rxe8+ Kb7 26. B@a8+ Kb6 27. Rb8+ P@b7 28. Nd7+ 
Ka5 29. Bb4+ Kb5 30. a4+ Kc4 31. Qd3# 
{spurs checkmated} 1-0

[Event "fics rated crazyhouse match"]
[Site "fics, Oklahoma City, OK USA"]
[Date "2000.11.02"]
[White "spurs"]
[WhiteElo "2242"]
[Black "Flesh"]
[BlackElo "2270"]
[TimeControl "60+0"]
[Result "1-0"]

1. d4 Nf6 2. Nf3 d5 3. Bg5 Bg4 4. Ne5 Bf5 5. e3 e6 6. Nc3 
Bd6 7. Bb5+ Nc6 8. Nxc6 bxc6 9. Bxc6+ N@d7 10. Bxa8 Qxa8 11. P@e5 Ne4 
12. Nxe4 Bxe4 13. exd6 Bxg2 14. R@e7+ Kf8 15. Rxd7 Bxh1 16. B@e7+ Kg8 17. N@f6+ 
gxf6 18. N@h6+ Kg7 19. Bexf6+ Kg6 20. N@f4# 
{Flesh checkmated} 1-0

[Event "fics rated crazyhouse match"]
[Site "fics, Oklahoma City, OK USA"]
[Date "2000.11.03"]
[White "Gobi"]
[WhiteElo "2330"]
[Black "tantheman"]
[BlackElo "2234"]
[TimeControl "120+0"]
[Result "1-0"]

1. e4 e6 2. d4 b6 3. Bd3 Bb7 4. c3 c5 5. Nf3 cxd4 6. cxd4 
d5 7. exd5 exd5 8. Ne5 P@e4 9. Bb5+ P@c6 10. P@e6 fxe6 11. P@f7+ Ke7 
12. fxg8=N+ Rxg8 13. Qh5 P@g6 14. Qxh7 P@f7 15. Qxg8 Qe8 16. R@c7+ Kd8 17. Rxb7 
cxb5 18. Nxf7+ Kc8 19. N@d6+ Bxd6 20. Nxd6# 
{tantheman resigns} 1-0

[Event "fics rated crazyhouse match"]
[Site "fics, Oklahoma City, OK USA"]
[Date "2000.11.03"]
[White "tantheman"]
[WhiteElo "2228"]
[Black "Gobi"]
[BlackElo "2336"]
[TimeControl "120+0"]
[Result "1-0"]

1. e4 e5 2. Nf3 Nc6 3. Bc4 Bc5 4. Nc3 Nf6 5. d3 d6 6. Bg5 
Be6 7. Nd5 Bxd5 8. exd5 Ne7 9. B@h4 Nf5 10. O-O Rg8 11. Re1 Nxh4 
12. Bxh4 N@g4 13. Bb5+ B@d7 14. Bc4 Nxf2 15. Bxf2 Bxf2+ 16. Kxf2 Ng4+ 17. Kf1 
Qf6 18. B@h4 g5 19. Bf2 Nxf2 20. N@h5 Qxf3 21. Qxf3 N@d2+ 22. Kxf2 Nxf3 
23. gxf3 B@d4+ 24. N@e3 Q@h4+ 25. N@g3 Qxh2+ 26. N@g2 Bxe3+ 27. Rxe3 N@h3+ 28. Ke1 
B@f2+ 29. Ke2 Qxg2 30. Nf6+ Kd8 31. B@e7+ Kc8 32. Q@h1 N@d4+ 33. Kd1 Qxg3 
34. Nxd7 Bxe3 35. Nb6+ axb6 36. Qxh3# 
{Gobi forfeits on time} 1-0

[Event "fics rated crazyhouse match"]
[Site "fics, Oklahoma City, OK USA"]
[Date "2000.11.03"]
[White "venomous"]
[WhiteElo "2362"]
[Black "spurs"]
[BlackElo "2234"]
[TimeControl "60+0"]
[Result "1-0"]

1. e4 e6 2. d4 d5 3. e5 Ne7 4. Nh3 Nf5 5. Be3 Be7 6. Bd3 
Nc6 7. Bxf5 exf5 8. N@h5 Rg8 9. O-O B@g4 10. Nc3 Bxd1 11. Raxd1 Q@g4 
12. B@f3 Qh4 13. Nxd5 Qxd5 14. Bxd5 Qxh5 15. Bxc6+ bxc6 16. N@f4 Qg4 17. P@f3 
Qg6 18. Nxg6 hxg6 19. Q@h7 Kf8 20. d5 N@e2+ 21. Kh1 cxd5 22. Rxd5 Ba6 
23. P@f6 gxf6 24. exf6 Bxf6 25. Bh6+ P@g7 26. P@g5 Ng3+ 27. hxg3 Bxf1 28. N@d7+ 
Ke7 29. Q@e1+ P@e2 30. gxf6+ gxf6 31. B@c5+ Ke6 32. Qxf7# 
{spurs forfeits on time} 1-0

[Event "fics rated crazyhouse match"]
[Site "fics, Oklahoma City, OK USA"]
[Date "2000.11.03"]
[White "spurs"]
[WhiteElo "2229"]
[Black "venomous"]
[BlackElo "2367"]
[TimeControl "60+0"]
[Result "0-1"]

1. d4 e6 2. Nf3 Be7 3. Bg5 Bxg5 4. e4 Be7 5. Bb5 a6 6. Bd3 
B@h5 7. Nbd2 Nc6 8. c3 Nf6 9. O-O d5 10. Re1 dxe4 11. Bxe4 Nxe4 
12. Nxe4 P@f5 13. Ng3 Bxf3 14. Qxf3 B@g4 15. Qe3 N@c2 16. Qd2 Nxe1 17. Rxe1 
Bh4 18. N@h5 Rg8 19. P@f6 Bxf6 20. Nxf6+ gxf6 21. B@e5 P@h3 22. Bxf6 Qxf6 
23. B@e5 Nxe5 24. dxe5 hxg2 25. exf6 N@f3+ 26. Kxg2 B@h3+ 27. Kh1 P@g2# 
{spurs checkmated} 0-1

[Event "fics rated crazyhouse match"]
[Site "fics, Oklahoma City, OK USA"]
[Date "2000.11.03"]
[White "Leech"]
[WhiteElo "2178"]
[Black "venomous"]
[BlackElo "2372"]
[TimeControl "180+0"]
[Result "1-0"]

1. e4 e6 2. d4 Nc6 3. Nc3 Nf6 4. Bg5 Be7 5. Bxf6 Bxf6 6. Nf3 
B@h5 7. e5 Be7 8. Be2 d6 9. N@f4 Bxf3 10. Bxf3 N@h4 11. Bxc6+ bxc6 
12. N@h5 Rg8 13. B@g3 B@h6 14. O-O Rb8 15. Rb1 Ba6 16. Re1 Bxf4 17. Nxf4 
dxe5 18. dxe5 P@f3 19. P@d7+ Qxd7 20. Qxd7+ Kxd7 21. Bxh4 fxg2 22. Nxg2 N@h3+ 
23. Kh1 P@f3 24. Q@d1+ Q@d5 25. Nxd5 fxg2+ 26. Kxg2 N@f4+ 27. Nxf4+ Ke8 28. P@d7+ 
Kf8 29. Q@e8+ Rxe8 30. dxe8=Q+ Kxe8 31. P@d7# 
{venomous resigns} 1-0

[Event "fics rated crazyhouse match"]
[Site "fics, Oklahoma City, OK USA"]
[Date "2000.11.03"]
[White "venomous"]
[WhiteElo "2360"]
[Black "Leech"]
[BlackElo "2190"]
[TimeControl "180+0"]
[Result "1-0"]

1. e4 e6 2. d4 Nf6 3. Bd3 Nc6 4. Be3 d5 5. e5 Ne4 6. Nh3 
Bb4+ 7. c3 Be7 8. O-O h6 9. Nd2 Nxd2 10. Qxd2 N@e4 11. Qe2 Bg5 
12. N@h5 Rh7 13. Bxg5 hxg5 14. B@g8 Rxh5 15. Qxh5 B@g6 16. Qh8 Qe7 17. Qxg7 
g4 18. Nf4 Bd7 19. P@f6 O-O-O 20. fxe7 Nxe7 21. R@a8+ N@b8 22. Bxf7 Bxf7 
23. Qxf7 B@g5 24. Nxe6 Bxe6 25. Qxe6+ P@d7 26. Qxg4 N@h6 27. Qh5 
{Leech forfeits on time} 1-0

[Event "fics rated crazyhouse match"]
[Site "fics, Oklahoma City, OK USA"]
[Date "2000.11.03"]
[White "Leech"]
[WhiteElo "2186"]
[Black "venomous"]
[BlackElo "2364"]
[TimeControl "180+0"]
[Result "0-1"]

1. e4 e6 2. d4 Nc6 3. Nc3 Bb4 4. e5 d6 5. Bf4 dxe5 6. dxe5 
P@d4 7. Bb5 Bd7 8. Ne2 dxc3 9. bxc3 Bc5 10. P@d6 Nxe5 11. Bxe5 Bxb5 
12. P@d4 Bxd6 13. Bxg7 N@h4 14. Bxh8 Nxg2+ 15. Kd2 B@h6+ 16. P@e3 P@b2 17. Rb1 
Bxe2 18. Qxe2 N@e4+ 19. Kd3 P@d5 20. Qg4 Nxf2+ 21. Ke2 Nxg4 22. Rhf1 P@e4 
23. R@f2 Nxf2 24. Rxf2 P@f3+ 25. Kf1 R@h1+ 26. N@g1 Nxe3+ 27. Ke1 Rxg1# 
{Leech forfeits on time} 0-1

[Event "fics rated crazyhouse match"]
[Site "fics, Oklahoma City, OK USA"]
[Date "2000.11.03"]
[White "venomous"]
[WhiteElo "2368"]
[Black "Leech"]
[BlackElo "2182"]
[TimeControl "180+0"]
[Result "0-1"]

1. e4 Nf6 2. Nc3 d5 3. exd5 Nxd5 4. Bc4 e6 5. Nh3 Nc6 6. O-O 
Bb4 7. Bxd5 exd5 8. Nf4 B@e4 9. Nxe4 dxe4 10. N@h5 Rg8 11. B@d5 N@f6 
12. Bxf7+ Kxf7 13. P@e6+ Bxe6 14. Nxe6 Kxe6 15. Re1 B@g4 16. Rxe4+ Nxe4 17. Qxg4+ 
P@f5 18. Nf4+ Ke5 19. Qe2 Nd4 20. Nd3+ Ke6 21. Nf4+ Ke7 22. B@h4+ g5 
23. Qxe4+ fxe4 24. N@d5+ Kd7 25. B@g4+ P@f5 26. Bxf5+ Nxf5 27. P@e6+ Kc8 28. P@d7+ 
Kb8 
{venomous resigns} 0-1

[Event "fics rated crazyhouse match"]
[Site "fics, Oklahoma City, OK USA"]
[Date "2000.11.03"]
[White "Leech"]
[WhiteElo "2194"]
[Black "venomous"]
[BlackElo "2356"]
[TimeControl "180+0"]
[Result "0-1"]

1. e4 e6 2. d4 Nc6 3. Nc3 Bb4 4. d5 exd5 5. exd5 Qe7+ 6. Be2 
Ne5 7. Bd2 Nf6 8. a3 Bc5 9. Bf4 d6 10. P@d4 Ng6 11. Bg5 Bb6 
12. Bxf6 gxf6 13. Nf3 Rg8 14. Rg1 Nf4 15. N@g3 P@h3 16. Qd2 Nxg2+ 17. Rxg2 
hxg2 18. O-O-O R@a1+ 19. N@b1 P@a2 20. Nxa2 Rxa2 21. Bc4 Ra1 22. Re1 B@e5 
23. dxe5 dxe5 24. B@a4+ P@d7 25. P@e6 N@f1 26. exd7+ Bxd7 27. Bxd7+ Qxd7 28. P@e6 
Qe7 29. exf7+ Qxf7 
{Leech forfeits on time} 0-1

[Event "fics rated crazyhouse match"]
[Site "fics, Oklahoma City, OK USA"]
[Date "2000.11.04"]
[White "Ebenfelt"]
[WhiteElo "2226"]
[Black "Lomboc"]
[BlackElo "2290"]
[TimeControl "60+0"]
[Result "0-1"]

1. e4 e6 2. d4 Nf6 3. Nc3 d5 4. e5 Ne4 5. Nxe4 dxe4 6. Be3 
Nc6 7. Nh3 N@f5 8. Bb5 Bd7 9. Bxc6 Bxc6 10. O-O B@f3 11. gxf3 exf3 
12. B@g4 P@e2 13. Qd2 exf1=Q+ 14. Rxf1 R@g2+ 15. Kh1 Rxg4 16. N@f4 B@g2+ 17. Nxg2 
fxg2+ 18. Kg1 N@f3# 
{Ebenfelt checkmated} 0-1

[Event "fics rated crazyhouse match"]
[Site "fics, Oklahoma City, OK USA"]
[Date "2000.11.04"]
[White "Lomboc"]
[WhiteElo "2297"]
[Black "Ebenfelt"]
[BlackElo "2218"]
[TimeControl "60+0"]
[Result "1-0"]

1. d4 d5 2. Nc3 Nf6 3. Nf3 Bf5 4. Bg5 e6 5. Ne5 Bb4 6. e3 
O-O 7. Bd3 Ne4 8. Bxd8 Nxc3 9. bxc3 Bxc3+ 10. N@d2 Rxd8 11. Bxf5 exf5 
12. Q@e7 Nc6 13. Qxf7+ Kh8 14. Qxf5 B@g6 15. Nxg6+ hxg6 16. Qxg6 P@h7 17. Qxc6 
bxc6 18. N@f7+ Kg8 19. Nxd8 B@g6 20. P@f7+ Bxf7 21. Nxf7 N@h4 22. R@h8+ Kxf7 
23. Qh5+ N@g6 24. P@e6+ Kxe6 25. P@f5+ Nxf5 26. Rxa8 Bxd2+ 27. Kf1 Q@f6 28. Re8+ 
P@e7 29. B@h3 P@e2+ 30. Qxe2 Kf7 31. Bxf5 Kxe8 32. P@d7+ Kf7 33. B@e6+ Kf8 
34. R@g8# 
{Ebenfelt checkmated} 1-0

[Event "fics rated crazyhouse match"]
[Site "fics, Oklahoma City, OK USA"]
[Date "2000.11.04"]
[White "Ebenfelt"]
[WhiteElo "2211"]
[Black "Lomboc"]
[BlackElo "2303"]
[TimeControl "60+0"]
[Result "1-0"]

1. e4 Nf6 2. Nc3 d5 3. exd5 Nxd5 4. Nxd5 Qxd5 5. d4 Qd8 6. Be3 
e6 7. Nf3 Nc6 8. Ne5 Bd7 9. Nxd7 Qxd7 10. P@b5 Bb4+ 11. B@c3 Bxc3+ 
12. bxc3 P@d6 13. bxc6 bxc6 14. N@h5 f6 15. B@d3 P@g6 16. Nf4 O-O 17. Bfe2 
B@d5 18. Nxd5 exd5 19. B@h3 f5 20. N@g5 Rae8 21. O-O N@e4 22. Bxe4 dxe4 
23. Bf4 N@d5 24. Qd2 B@a5 25. Nxh7 Kxh7 26. N@g5+ Kh8 27. Bc4 Bxc3 28. Bxd5 
Bxd2 29. N@f7+ Rxf7 30. Nxf7+ Qxf7 31. Bxf7 N@e2+ 32. Kh1 Be3 33. Bxe8 Nxf4 
34. R@g8+ Kxg8 35. Q@f7+ Kh7 36. Qxg6+ Nxg6 37. Bxg6+ Kxg6 38. N@h4+ Kf6 39. P@g5+ 
Kxg5 40. R@g6+ Kxh4 41. P@g3# 
{Lomboc forfeits on time} 1-0

[Event "fics rated crazyhouse match"]
[Site "fics, Oklahoma City, OK USA"]
[Date "2000.11.04"]
[White "Lomboc"]
[WhiteElo "2293"]
[Black "Ebenfelt"]
[BlackElo "2222"]
[TimeControl "60+0"]
[Result "0-1"]

1. c4 Nf6 2. d4 e5 3. Nc3 exd4 4. Qxd4 Nc6 5. Qd1 Bc5 6. e3 
P@e6 7. Nf3 O-O 8. Bd3 d5 9. cxd5 exd5 10. O-O P@e4 11. Be2 exf3 
12. Bxf3 N@e5 13. Be2 Bf5 14. P@d4 Neg4 15. dxc5 Nce5 16. B@g3 c6 17. P@d4 
Nc4 18. P@e5 Ncxe5 19. dxe5 Nxe5 20. Bxe5 P@c2 21. Qd2 Ne4 22. Nxe4 Bxe4 
23. Bxg7 Qg5 24. N@h3 Qxg2# 
{Lomboc checkmated} 0-1

[Event "fics rated crazyhouse match"]
[Site "fics, Oklahoma City, OK USA"]
[Date "2000.11.04"]
[White "Ebenfelt"]
[WhiteElo "2232"]
[Black "Lomboc"]
[BlackElo "2283"]
[TimeControl "60+0"]
[Result "1-0"]

1. e4 d6 2. d4 Nf6 3. Nc3 Nbd7 4. Nf3 e5 5. Bc4 Qe7 6. dxe5 
dxe5 7. P@g5 P@d4 8. gxf6 Nxf6 9. Nd5 Nxd5 10. Bxd5 N@f6 11. Bxf7+ Qxf7 
12. Ng5 Qe7 13. P@f7+ Kd8 14. N@g8 Qb4+ 15. Bd2 Qxb2 16. N@e6+ Bxe6 17. Nxe6+ 
Kd7 18. Nxf8+ Rxf8 19. O-O Rxf7 20. Nxf6+ gxf6 21. B@d5 P@e6 22. Bxe6+ Kxe6 
23. B@d5+ Ke7 24. N@f5+ Kf8 25. Bxf7 B@b4 26. Bh6+ Kxf7 27. P@e6+ Kxe6 28. Ng7+ 
Kf7 29. Qg4 P@e6 30. Qxe6+ Kg6 31. Qg4+ Kxh6 32. Nf5# 
{Lomboc checkmated} 1-0

[Event "fics rated crazyhouse match"]
[Site "fics, Oklahoma City, OK USA"]
[Date "2000.11.04"]
[White "Lomboc"]
[WhiteElo "2274"]
[Black "Ebenfelt"]
[BlackElo "2242"]
[TimeControl "60+0"]
[Result "0-1"]

1. e4 e5 2. Nc3 Bc5 3. Nf3 Nc6 4. Bb5 Nf6 5. O-O d6 6. d4 
exd4 7. Nxd4 Bxd4 8. Qxd4 P@h3 9. B@f3 N@e5 10. Bxc6+ bxc6 11. Qd1 Nxf3+ 
12. Qxf3 B@g4 13. Qg3 hxg2 14. Qxg2 B@h3 15. Qg3 Bxf1 16. Kxf1 P@e2+ 17. Nxe2 
Bxe2+ 18. Kxe2 N@d4+ 19. Kf1 Bg4 20. Be3 Ne2 21. B@c4 Nxg3+ 22. hxg3 d5 
23. exd5 cxd5 24. Bb5+ P@d7 25. P@e2 R@h1+ 26. B@g1 Q@h2 27. Ke1 Qxg1+ 28. Kd2 
Qxa1 29. N@e5 B@c1+ 30. Kc3 Qxb2+ 31. Kd3 R@c3+ 32. Kd4 Rc4+ 33. Kd3 Qc3# 
{Lomboc checkmated} 0-1

[Event "fics rated crazyhouse match"]
[Site "fics, Oklahoma City, OK USA"]
[Date "2000.11.04"]
[White "Ebenfelt"]
[WhiteElo "2251"]
[Black "Lomboc"]
[BlackElo "2265"]
[TimeControl "60+0"]
[Result "1-0"]

1. e4 d5 2. exd5 Qxd5 3. d4 Qd8 4. Nf3 e6 5. Bd3 Be7 6. O-O 
Nf6 7. Ne5 Nbd7 8. Nc3 O-O 9. P@h6 gxh6 10. Bxh6 Re8 11. Qd2 P@g6 
12. Nxd7 Bxd7 13. P@g7 Ng4 14. h3 Nxh6 15. Qxh6 Bg5 16. Ne4 Bxh6 17. N@f6+ 
Kxg7 18. Nxe8+ Bxe8 19. N@f6 P@e7 20. R@g8# 
{Lomboc checkmated} 1-0

[Event "fics rated crazyhouse match"]
[Site "fics, Oklahoma City, OK USA"]
[Date "2000.11.04"]
[White "Lomboc"]
[WhiteElo "2257"]
[Black "Ebenfelt"]
[BlackElo "2259"]
[TimeControl "60+0"]
[Result "1-0"]

1. e4 e5 2. Nc3 Nc6 3. Nf3 Bc5 4. Bb5 Nf6 5. O-O d6 6. Bxc6+ 
bxc6 7. d3 Ng4 8. Bg5 f6 9. Bh4 O-O 10. N@f5 B@e7 11. h3 Bxf5 
12. exf5 Nh6 13. B@e6+ Kh8 14. Ne4 N@f4 15. Nxc5 dxc5 16. Qd2 Qe8 17. B@e3 
Qh5 18. Bxf4 exf4 19. Qxf4 B@d6 20. Qd2 N@d8 21. P@g3 Nxe6 22. fxe6 B@e5 
23. N@e4 Nf5 24. g4 Nxh4 25. gxh5 Nxf3+ 26. gxf3 N@h4 27. N@g4 Nxf3+ 28. Kh1 
Nxd2 29. f3 P@f5 30. N@f7+ Rxf7 31. exf7 Q@f8 32. R@g8+ Qxg8 33. fxg8=Q+ Kxg8 
34. Nxd2 B@f7 35. Q@b7 P@g2+ 36. Kxg2 N@f4+ 37. Kh1 R@h2+ 38. Kxh2 Ne6+ 39. Kg1 
Nd8 40. Qxa8 Be8 41. Qxd8 Kf7 42. Qxe8+ Kxe8 43. Q@d7# 
{Ebenfelt forfeits on time} 1-0

[Event "fics rated crazyhouse match"]
[Site "fics, Oklahoma City, OK USA"]
[Date "2000.11.04"]
[White "Ebenfelt"]
[WhiteElo "2251"]
[Black "Lomboc"]
[BlackElo "2265"]
[TimeControl "60+0"]
[Result "1-0"]

1. e4 e6 2. Nc3 d5 3. exd5 exd5 4. d4 Nf6 5. Nf3 Be7 6. Ne5 
P@d6 7. Nxf7 Kxf7 8. P@e5 Ne4 9. Nxe4 dxe4 10. Bc4+ d5 11. Bxd5+ Qxd5 
12. N@g5+ Bxg5 13. Bxg5 N@e6 14. Be3 N@h4 15. P@f5 Nxg2+ 16. Kf1 Nxe3+ 17. fxe3 
P@g2+ 18. Kf2 gxh1=Q 19. fxe6+ Bxe6 20. N@g5+ Ke7 21. P@f6+ gxf6 22. exf6+ Kd7 
23. N@e5+ Qxe5 24. dxe5+ Qxd1 25. Rxd1+ B@d5 26. Q@e7+ Kc6 27. P@b5+ Kxb5 28. a4+ 
Kxa4 29. Ra1+ P@a2 30. b3+ Kb5 31. c4+ Kb6 32. B@d4+ Ka6 33. Rxa2+ P@a5 
34. P@b5# 
{Lomboc checkmated} 1-0

[Event "fics rated crazyhouse match"]
[Site "fics, Oklahoma City, OK USA"]
[Date "2000.11.04"]
[White "Lomboc"]
[WhiteElo "2257"]
[Black "Ebenfelt"]
[BlackElo "2259"]
[TimeControl "60+0"]
[Result "0-1"]

1. e4 e5 2. Nc3 Nc6 3. Nf3 Bc5 4. Bb5 Nf6 5. O-O d6 6. Bxc6+ 
bxc6 7. N@f5 Bxf5 8. exf5 Ng4 9. d4 exd4 10. Nxd4 Bxd4 11. Qxd4 N@e5 
12. P@e6 N@f3+ 13. Kh1 Nxd4 14. exf7+ Kf8 15. P@h6 B@f6 16. hxg7+ Bxg7 17. B@h5 
Q@h4 18. Bxg4 Nxg4 19. B@g3 P@f3 20. Bxh4 fxg2+ 21. Kxg2 B@f3+ 22. Kg3 P@f4+ 
23. Bxf4 Qxh4+ 24. Kxh4 B@e7+ 25. P@g5 h6 26. N@h5 hxg5+ 27. Bxg5 Bxg5+ 28. Kxg5 
Rxh5+ 29. Kxh5 N@f4+ 30. Kg5 B@h6+ 31. Kh4 Bf6+ 32. Kg3 P@h4# 
{Lomboc checkmated} 0-1

[Event "fics rated crazyhouse match"]
[Site "fics, Oklahoma City, OK USA"]
[Date "2000.11.06"]
[White "Ebenfelt"]
[WhiteElo "2267"]
[Black "PJK"]
[BlackElo "2260"]
[TimeControl "180+0"]
[Result "1-0"]

1. e4 Nf6 2. Nc3 e6 3. e5 Nd5 4. Nxd5 exd5 5. d4 d6 6. Nf3 
Bg4 7. Be2 dxe5 8. Nxe5 Bxe2 9. Qxe2 P@e4 10. P@e6 fxe6 11. B@f7+ Ke7 
12. Bxe6 Kxe6 13. P@f5+ Ke7 14. N@f7 Qe8 15. Nxh8 P@e6 16. fxe6 B@h5 17. P@f7 
Qa4 18. Qxh5 B@b4+ 19. B@d2 N@f6 20. R@e8+ Kd6 21. Bxb4+ Qxb4+ 22. B@c3 B@a5 
23. Rd8+ Nbd7 24. Bxb4+ Bxb4+ 25. c3 Nxh5 26. Rxd7+ Kxe6 27. N@g5+ Kf5 28. Q@g4+ 
Kf6 29. Nxh7# 
{PJK checkmated} 1-0

[Event "fics rated crazyhouse match"]
[Site "fics, Oklahoma City, OK USA"]
[Date "2000.11.06"]
[White "JKiller"]
[WhiteElo "2533"]
[Black "GrandmasterVic"]
[BlackElo "2066"]
[TimeControl "180+0"]
[Result "1-0"]

1. e4 e6 2. d4 d6 3. Nc3 Nc6 4. Nf3 Bd7 5. Bd3 Be7 6. Qe2 
Nb4 7. Bc4 Nf6 8. a3 Nc6 9. e5 Ng4 10. h3 Nxf2 11. Kxf2 d5 
12. Bd3 P@e4 13. Nxe4 dxe4 14. Bxe4 Bh4+ 15. g3 Bxg3+ 16. Kxg3 N@h5+ 17. Kf2 
P@g3+ 18. Ke1 Nxd4 19. Nxd4 P@f2+ 20. Kf1 Bc6 21. Nxc6 bxc6 22. Bxc6+ Kf8 
23. B@b4+ Kg8 24. N@e7+ Qxe7 25. Bxe7 g2+ 26. Kxg2 N@f4+ 27. Bxf4 Nxf4+ 28. Kxf2 
B@g3+ 29. Kf1 Nxe2 30. N@f6+ gxf6 31. N@h6+ Kg7 32. Bxf6# 
{GrandmasterVic resigns} 1-0

[Event "fics rated crazyhouse match"]
[Site "fics, Oklahoma City, OK USA"]
[Date "2000.11.06"]
[White "PJK"]
[WhiteElo "2252"]
[Black "Ebenfelt"]
[BlackElo "2275"]
[TimeControl "180+0"]
[Result "1-0"]

1. Nf3 d5 2. d4 Nf6 3. Ne5 Bf5 4. Nc3 Nc6 5. e4 Nxe5 6. exf5 
Neg4 7. B@f3 Nxf2 8. Kxf2 P@e4 9. Bb5+ c6 10. Bxc6+ bxc6 11. P@e6 exf3 
12. exf7+ Kd7 13. N@c5+ Kc7 14. Bf4+ B@d6 15. Bxd6+ exd6 16. Ne6+ Kd7 17. Nxd8 
N@g4+ 18. Kg3 Rxd8 19. Q@b7+ B@c7 20. P@e6+ Ke7 21. Qxc7+ B@d7 22. gxf3 N@h5+ 
23. Kg2 Ne3+ 24. Kg1 Nxd1 25. Rxd1 Nf4 26. B@f1 Q@e3+ 27. B@f2 Qxf3 28. P@g2 
Qg4 29. Bg3 P@e2 30. Bxe2 Nxe2+ 31. Nxe2 Qxe2 32. Bxd6# 
{Ebenfelt checkmated} 1-0

[Event "fics rated crazyhouse match"]
[Site "fics, Oklahoma City, OK USA"]
[Date "2000.11.06"]
[White "Ebenfelt"]
[WhiteElo "2266"]
[Black "PJK"]
[BlackElo "2261"]
[TimeControl "180+0"]
[Result "1-0"]

1. e4 e6 2. d4 Ne7 3. Nc3 d5 4. exd5 Nxd5 5. Nxd5 exd5 6. Nf3 
Bb4+ 7. P@c3 Bd6 8. Bb5+ Bd7 9. Qe2+ P@e4 10. Bxd7+ Nxd7 11. N@h5 Rg8 
12. Ng5 B@g6 13. B@g4 Nf6 14. Nxf6+ gxf6 15. N@h6 Rg7 16. Ngxf7 Bxf7 17. P@d7+ 
Kf8 18. Nxf7 Rxf7 19. Bh6+ Kg8 20. Be6 Qe7 21. Bxf7+ Qxf7 22. R@g7+ Qxg7 
23. Bxg7 Kxg7 24. Qh5 N@d3+ 25. cxd3 N@c2+ 26. Kd2 Bf4+ 27. B@e3 Bxe3+ 28. fxe3 
R@f2+ 29. B@e2 B@g6 30. N@e6+ Kf7 31. d8=N+ Ke7 32. Q@f8+ Kd7 33. Nc5+ Kc8 
34. Nc6+ B@e8 35. Qxe8+ Bxe8 36. Qxe8+ B@d8 37. Qxd8# 
{PJK checkmated} 1-0

[Event "fics rated crazyhouse match"]
[Site "fics, Oklahoma City, OK USA"]
[Date "2000.11.06"]
[White "PJK"]
[WhiteElo "2253"]
[Black "Ebenfelt"]
[BlackElo "2274"]
[TimeControl "180+0"]
[Result "1-0"]

1. e4 e5 2. Bc4 Nc6 3. Nf3 Bc5 4. O-O Nf6 5. c3 O-O 6. d4 
exd4 7. cxd4 Bxd4 8. Nxd4 Nxd4 9. Qxd4 P@h3 10. P@e7 Qxe7 11. N@f5 Qe8 
12. B@f3 d5 13. Bxd5 Bxf5 14. exf5 P@g4 15. Qxf6 gxf6 16. P@g7 gxf3 17. gxf8=Q+ 
Qxf8 18. R@g3+ P@g5 19. Bxg5 Q@h1+ 20. Kxh1 hxg2+ 21. Rxg2 fxg2+ 22. Bxg2 P@e2 
23. Bxf6 exf1=Q+ 24. Bxf1 R@g1+ 25. Kxg1 N@f3+ 26. Kg2 N@e1+ 27. Kg3 P@f4+ 28. Kxf4 
Qb4+ 29. B@d4 B@g5+ 30. Kg3 Qd6+ 31. P@e5 Qxf6 32. Q@g4 B@f4+ 33. Qxf4 Bxf4+ 
34. Kxf4 Q@g5+ 35. Ke4 Qgxf5+ 36. Ke3 Qc6 37. R@g3+ Kf8 38. B@a3# 
{Ebenfelt forfeits on time} 1-0

[Event "fics rated crazyhouse match"]
[Site "fics, Oklahoma City, OK USA"]
[Date "2000.11.06"]
[White "Ebenfelt"]
[WhiteElo "2266"]
[Black "PJK"]
[BlackElo "2261"]
[TimeControl "180+0"]
[Result "1-0"]

1. e4 e6 2. Nc3 d5 3. exd5 exd5 4. d4 Nf6 5. Nf3 Nc6 6. Bb5 
Bd7 7. Bxc6 bxc6 8. Qe2+ P@e4 9. Ne5 Bb4 10. P@h6 B@b5 11. hxg7 Rg8 
12. P@d3 exd3 13. cxd3 P@e4 14. Nxd7 Nxd7 15. P@e6 fxe6 16. Qh5+ Ke7 17. Qxh7 
Bxc3+ 18. bxc3 N@c2+ 19. Kd2 Bxd3 20. N@g6+ Kd6 21. P@e5+ Nxe5 22. Nxe5 Qg5+ 
23. B@e3 P@c5 24. N@f7+ Ke7 25. Nxg5 N@d6 26. Nxe6 Nxd4 27. Q@d7+ Kf6 28. Ng4# 
{PJK checkmated} 1-0

[Event "fics rated crazyhouse match"]
[Site "fics, Oklahoma City, OK USA"]
[Date "2000.11.06"]
[White "PJK"]
[WhiteElo "2253"]
[Black "Ebenfelt"]
[BlackElo "2274"]
[TimeControl "180+0"]
[Result "1-0"]

1. Nf3 d5 2. d4 Bf5 3. Nh4 e6 4. Nxf5 exf5 5. Bf4 Nf6 6. Nc3 
Bb4 7. B@e5 Ne4 8. Bxc7 Nxc3 9. bxc3 Bxc3+ 10. P@d2 Qe7 11. dxc3 N@e4 
12. N@d6+ Nxd6 13. Bcxd6 Qd7 14. Bxb8 O-O 15. N@c5 Qd8 16. Bbc7 N@b2 17. Bxd8 
Nxd1 18. Rxd1 N@g4 19. N@h6+ Nxh6 20. Bxh6 P@d2+ 21. Bxd2 Rfxd8 22. N@h6+ gxh6 
23. N@f6+ Kf8 24. P@g7+ Ke7 25. g8=N+ Rxg8 26. Nxg8+ Rxg8 27. B@f6+ Kxf6 28. Q@e5+ 
Kg6 29. R@f6+ Kg7 30. Rxf5+ P@f6 31. Qxf6+ Kf8 32. Qxf7# 
{Ebenfelt checkmated} 1-0

[Event "fics rated crazyhouse match"]
[Site "fics, Oklahoma City, OK USA"]
[Date "2000.11.06"]
[White "Ebenfelt"]
[WhiteElo "2266"]
[Black "PJK"]
[BlackElo "2261"]
[TimeControl "180+0"]
[Result "0-1"]

1. e4 e5 2. Nc3 Bc5 3. Bc4 Nf6 4. Nf3 Nc6 5. O-O O-O 6. d3 
h6 7. Be3 d6 8. Bxc5 dxc5 9. B@f5 B@g4 10. Bxg4 Bxg4 11. B@f5 Bxf5 
12. exf5 B@g4 13. B@g6 B@e8 14. Ne4 Kh8 15. Nxf6 Qxf6 16. N@e4 Qe7 17. Bgxf7 
Bxf7 18. Bxf7 Rxf7 19. B@g6 Rff8 20. f6 gxf6 21. Qd2 B@f4 22. Qxf4 exf4 
23. Nh4 P@h7 24. Bxh7 Kxh7 25. P@g6+ Kh8 26. f3 B@g3 27. hxg3 fxg3 28. Nxg3 
B@f4 29. P@f2 Bxg3 30. fxg3 P@e2 31. Rf2 e1=Q+ 32. Rxe1 Qxe1+ 33. B@f1 Qxf2+ 
34. Kxf2 N@d1+ 35. Kg1 Q@f2+ 36. Kh2 R@h3# 
{Ebenfelt checkmated} 0-1

[Event "fics rated crazyhouse match"]
[Site "fics, Oklahoma City, OK USA"]
[Date "2000.11.06"]
[White "PJK"]
[WhiteElo "2269"]
[Black "Ebenfelt"]
[BlackElo "2258"]
[TimeControl "180+0"]
[Result "0-1"]

1. d4 d5 2. Nf3 Bf5 3. Bf4 e6 4. e3 Nf6 5. Nc3 Bb4 6. Bd3 
Ne4 7. Bxe4 Bxe4 8. O-O Bxc3 9. bxc3 Bxf3 10. gxf3 N@h3+ 11. Kh1 Nxf4 
12. exf4 B@g2+ 13. Kxg2 N@h4+ 14. Kg1 B@g2 15. B@g5 Nxf3+ 16. Kxg2 Nxg5 17. fxg5 
Qxg5+ 18. B@g3 P@h3+ 19. Kg1 P@g2 20. Re1 B@d2 21. Re2 Bxc3 22. Rb1 Qg4 
23. B@b5+ P@c6 24. Bxc6+ Nxc6 25. P@d7+ Kxd7 26. N@c5+ Ke7 27. B@d6+ cxd6 28. Bxd6+ 
Kxd6 29. Nxb7+ Ke7 30. P@d6+ Kf8 31. P@e7+ Kg8 32. N@h6+ gxh6 33. N@f6+ Kg7 
34. e8=N+ Raxe8 35. Nxe8+ Rxe8 36. R@g3 Qxg3 37. fxg3 R@f1+ 38. Qxf1 gxf1=Q+ 39. Rxf1 
Bxd4+ 40. R@f2 Q@g2# 
{PJK checkmated} 0-1

[Event "fics rated crazyhouse match"]
[Site "fics, Oklahoma City, OK USA"]
[Date "2000.11.07"]
[White "RFrancisco"]
[WhiteElo "2305"]
[Black "VABORIS"]
[BlackElo "2253"]
[TimeControl "60+0"]
[Result "1-0"]

1. e4 e6 2. d4 Nc6 3. Be3 Nf6 4. Bd3 d6 5. Nc3 Be7 6. Nf3 
O-O 7. O-O Ng4 8. e5 dxe5 9. dxe5 Ncxe5 10. Nxe5 Nxe5 11. P@h6 Nxd3 
12. Qxd3 Qxd3 13. cxd3 B@f6 14. hxg7 Bxg7 15. P@h6 Bxh6 16. Bxh6 P@g7 17. Bxg7 
Kxg7 18. N@h5+ Kg6 19. Q@g7+ Kxh5 20. P@g4+ Kh4 21. B@g3# 
{VABORIS checkmated} 1-0